 Dungeon Crawl Stone Soup version 0.30-b1-2-g02819fbbbe (webtiles) character file.

Game seed: 3171912704252854366

11818 suse60 the Grappler (level 11, -4/115 HPs)
             Began as a Troll Gladiator on Oct 20, 2023.
             Was a Priest of the Shining One.
             Slain by a cane toad (16 damage)
             ... on level 2 of the Lair of Beasts.
             The game lasted 00:48:25 (7889 turns).

suse60 the Grappler (Troll Gladiator)               Turns: 7889, Time: 00:48:26

Health: -4/115     AC: 10    Str: 28    XL:     11   Next: 54%
Magic:  11/12      EV: 13    Int:  4    God:    the Shining One [***...]
Gold:   751        SH:  0    Dex: 11    Spells: 6/10 levels left

rFire   . .          .
                       - Unarmed
rCold   . . .        h - orb {mayhem}
rNeg    + + .        a - +1 robe
rPois   +            g - +2 hat
rElec   .            l - +2 cloak
rCorr   .            (gloves unavailable)
SInv    .            (boots unavailable)
Will    .....        (no amulet)
Stlth   +            v - ring of poison resistance
HPRegen 1.19/turn    F - ring of positive energy
MPRegen 0.13/turn

%: mayhem
@: glowing
A: large, unfitting armour, claws 3, regeneration 1, shaggy fur 1, tough skin 1
a: Renounce Religion, Divine Shield, Cleansing Flame


You were on level 2 of the Lair of Beasts.
You worshipped the Shining One.
The Shining One was most pleased with you.
You visited 3 branches of the dungeon, and saw 11 of its levels.
You also visited: Bailey.

You collected 751 gold pieces.

Inventory:

Hand Weapons
 A - a +8 broad axe of flaming
Missiles
 d - a large rock
 o - 39 poisoned darts (quivered)
Armour
 a - a +1 robe (worn)
 g - a +2 hat (worn)
 h - an orb of mayhem (worn)
 l - a +2 cloak (worn)
Jewellery
 p - a ring of fire
 v - a ring of poison resistance (left claw)
 F - a ring of positive energy (right claw)
 I - a ring of protection from cold
Wands
 q - a wand of flame (36)
 u - a wand of charming (2)
 H - a wand of roots (5)
Scrolls
 j - a scroll of magic mapping
 m - 2 scrolls of fog
 t - 2 scrolls of teleportation
 w - 2 scrolls of amnesia
 y - a scroll of summoning
 D - a scroll of brand weapon
 E - a scroll of blinking
Potions
 b - 3 potions of degeneration {unknown}
 c - 2 potions of haste {unknown}
 e - 2 potions of cancellation
 f - 2 potions of might {unknown}
 i - 3 potions of mutation
 k - 2 potions of attraction {unknown}
 n - 4 potions of resistance
 r - a potion of brilliance {unknown}
 s - 4 potions of heal wounds
 x - 2 potions of experience {unknown}
 z - 2 potions of lignification {unknown}
 B - a potion of invisibility {unknown}
 C - a potion of flight {unknown}
 G - 2 potions of magic {unknown}
 K - 2 potions of curing


   Skills:
 + Level 9.0 Fighting
 - Level 2.0 Throwing
 + Level 9.3 Dodging
 + Level 11.0 Unarmed Combat
 + Level 2.7 Invocations


You had 6 spell levels left.
You knew the following spells:

 Your Spells              Type           Power      Damage    Failure   Level
a - Summon Small Mammal   Summ           0%         N/A       50%         1
b - Summon Guardian Gole  Hex/Summ       0%         N/A       86%         3

Your spell library contained the following spells:

 Spells                   Type           Power      Damage    Failure   Level
 Foxfire                  Conj/Fire      0%         2x1d4     50%         1
 Ensorcelled Hibernation  Hex/Ice        0%         N/A       65%         2
 Passwall                 Tmut/Erth      0%         N/A       65%         2
 Call Canine Familiar     Summ           0%         N/A       86%         3
 Dazzling Flash           Conj/Hex       0%         N/A       86%         3
 Swiftness                Air            0%         N/A       86%         3
 Agony                    Necr           0%         N/A       100%        5
 Fireball                 Conj/Fire      0%         3d3       100%        5
 Silence                  Hex/Air        0%         N/A       100%        5
 Plasma Beam              Fire/Air       0%         2x1d11    100%        6
 Starburst                Conj/Fire      0%         6d3       100%        6


Dungeon Overview and Level Annotations

Branches:
Dungeon (8/15)             Temple (1/1) D:5            Lair (2/5) D:8
 Bailey (visited)
  Swamp: Lair:2-3    Shoals: Lair:2-3     Snake: Lair:2-3    Spider: Lair:2-3

Altars:
Cheibriados
Gozag
Hepliaklqana
Makhleb
Okawaru
Sif Muna
Uskayaw
Vehumet
Wu Jian
Xom
The Shining One

Shops:
D:1 *   D:2 (


Innate Abilities, Weirdness & Mutations

You are too large for most types of armour.
You have claws for hands.
Your natural rate of healing is unusually fast.
You are covered in fur. (AC +1)
You have tough skin. (AC +1)


Message History

The komodo dragon bites you! The wolf bites you but does no damage.
The wolf barely misses you.
The cane toad stings the komodo dragon.
The komodo dragon closely misses you.
You scratch the komodo dragon.
The komodo dragon is almost dead.
The wolf bites you but does no damage. The wolf closely misses you.
The cane toad stings the komodo dragon!!
The komodo dragon dies!
The wolf bites you! x2
You mangle the wolf!!
The wolf is almost dead.
The wolf bites you but does no damage. x2
You claw the cane toad!
The cane toad is heavily wounded.
The wolf bites you! The wolf barely misses you. The cane toad stings you!
* * * LOW HITPOINT WARNING * * *
You claw the cane toad!
The cane toad is severely wounded.
The wolf closely misses you. The wolf bites you.
* * * LOW HITPOINT WARNING * * *
The wolf barely misses you. The wolf bites you but does no damage.
The cane toad stings you.
* * * LOW HITPOINT WARNING * * *
You mangle the wolf!!
You kill the wolf!
The wolf flies into a frenzy!
The wolf bites you but does no damage. The wolf closely misses you.
The cane toad stings you but does no damage.
You scratch the cane toad.
The cane toad is severely wounded.
The wolf bites you!
* * * LOW HITPOINT WARNING * * *
The wolf bites you.
* * * LOW HITPOINT WARNING * * *
The cane toad stings you!
* * * LOW HITPOINT WARNING * * *
You feel much better. The wolf completely misses you. The wolf bites you!
* * * LOW HITPOINT WARNING * * *
The cane toad stings you!
You die...

###### #
#.####@##.#P####.
......h†F.<.......
..................
..................
..................
..................
..................
..................
.>..(............


You could see a cane toad and a neutral wolf (fast, strong, insane).

Vanquished Creatures
  Nergalle (Lair:1)
  3 skeletal warriors (D:7)
  3 orc knights (Bailey)
  3 cane toads (Lair:1)
  A komodo dragon (Lair:1)
  2 hornets
  8 yaks
  A steam dragon (D:7)
  Menkaure (D:4)
  5 water moccasins
  5 ice beasts
  9 orc warriors
  Pargi (D:3)
  3 black bears
  4 ogres
  3 centaurs
  2 wolves (Lair:2)
  2 phantoms
  5 kobold brigands
  5 bullfrogs
  A gnoll sergeant (D:6)
  A scorpion (D:3)
  A howler monkey (D:8)
  3 orc priests
  Crazy Yiuf (D:3)
  3 hounds
  A jelly (D:4)
  6 iguanas
  5 orc wizards
  3 adders
  11 gnolls
  A shadow imp (D:6)
  2 white imps (D:7)
  2 ufetubi (D:5)
  A worm (D:3)
  2 dart slugs
  27 orcs
  8 ball pythons
  6 bats
  9 endoplasms
  5 giant cockroaches
  5 goblins
  13 hobgoblins
  2 jackals (D:4)
  3 quokkas
  2 frilled lizards (D:1)
  31 kobolds
  2 rats (D:3)
224 creatures vanquished.

Vanquished Creatures (collateral kills)
  An orc knight (Bailey)
  An orc warrior (Bailey)
  A wolf (Lair:2)
  12 orcs
  5 kobolds
20 creatures vanquished.

Vanquished Creatures (others)
  A komodo dragon (Lair:2)
  An orc warrior (Bailey)
  A kobold brigand (D:7)
  An orc wizard (D:8)
  3 orcs (Bailey)
  A kobold (D:8)
  A plant (Lair:1)
9 creatures vanquished.

Grand Total: 253 creatures vanquished

Notes
Turn   | Place    | Note
-------+----------+-------------------------------------------
     0 | D:1      | suse60 the Troll Gladiator began the quest for the Orb.
     0 | D:1      | Reached XP level 1. HP: 19/19 MP: 0/0
    99 | D:1      | Reached XP level 2. HP: 28/28 MP: 1/1
   650 | D:1      | Found Foulu's General Store.
   687 | D:1      | Reached XP level 3. HP: 35/35 MP: 2/2
   719 | D:1      | Found a faded altar of an unknown god.
   986 | D:2      | Found a glowing golden altar of the Shining One.
   992 | D:2      | Became a worshipper of the Shining One
  1159 | D:2      | Found Vanom's Weapon Emporium.
  1789 | D:3      | Found a faded altar of an unknown god.
  1789 | D:3      | Found a faded altar of an unknown god.
  1797 | D:3      | Found a glowing golden altar of the Shining One.
  1799 | D:3      | Found an opulent altar of Gozag.
  1805 | D:3      | Found an iron altar of Okawaru.
  2155 | D:3      | Reached XP level 4. HP: 41/44 MP: 3/3
  2198 | D:3      | Noticed Pargi
  2206 | D:3      | Killed Pargi
  2207 | D:3      | Reached skill level 4 in Unarmed Combat
  2207 | D:3      | Reached XP level 5. HP: 43/52 MP: 4/4
  2226 | D:3      | Found a runed translucent door.
  2227 | D:3      | Noticed Crazy Yiuf
  2545 | D:3      | Killed Crazy Yiuf
  2607 | D:4      | Noticed a black bear
  2659 | D:4      | Reached XP level 6. HP: 61/61 MP: 5/5
  2714 | D:4      | Noticed Menkaure
  2728 | D:4      | Killed Menkaure
  2827 | D:4      | Reached skill level 5 in Unarmed Combat
  2898 | D:4      | Reached XP level 7. HP: 55/68 MP: 6/6
  2999 | D:4      | Reached * piety under the Shining One
  3026 | D:4      | Learned a level 1 spell: Summon Small Mammal
  3579 | D:5      | Entered Level 5 of the Dungeon
  3617 | D:5      | Found a staircase to the Ecumenical Temple.
  3641 | Temple   | Entered the Ecumenical Temple
  3665 | D:5      | Identified the +4 rapier of the Median {chaos, rC- Will+
                  | Str+5 Stlth+}
  3740 | D:5      | Reached skill level 6 in Unarmed Combat
  3748 | D:5      | Found a snail-covered altar of Cheibriados.
  3751 | D:5      | Reached ** piety under the Shining One
  3755 | D:5      | Reached skill level 5 in Dodging
  3755 | D:5      | Reached XP level 8. HP: 79/79 MP: 7/7
  3779 | D:5      | Reached skill level 5 in Fighting
  3819 | D:5      | Found a large runed translucent door.
  4071 | D:5      | Found a large runed translucent door.
  4071 | D:5      | Found a shimmering altar of Xom.
  4301 | D:6      | Reached skill level 7 in Unarmed Combat
  4307 | D:6      | Learned a level 3 spell: Summon Guardian Golem
  4429 | D:6      | Found an opulent altar of Gozag.
  4451 | D:6      | Reached XP level 9. HP: 78/89 MP: 8/8
  4595 | D:6      | Found a shimmering blue altar of Sif Muna.
  4668 | D:6      | Found a radiant altar of Vehumet.
  4762 | D:7      | Identified a scroll of acquirement
  4762 | D:7      | Acquired a +3 broad axe of flaming
  4809 | D:7      | Reached skill level 8 in Unarmed Combat
  4892 | D:7      | Noticed a skeletal warrior
  4899 | D:7      | Noticed a skeletal warrior
  4902 | D:7      | Noticed a skeletal warrior
  4911 | D:7      | Killed a skeletal warrior
  4929 | D:7      | Killed a skeletal warrior
  4930 | D:7      | Reached skill level 9 in Unarmed Combat
  4930 | D:7      | Reached XP level 10. HP: 88/102 MP: 9/9
  4945 | D:7      | Killed a skeletal warrior
  5007 | D:7      | Found a flagged portal.
  5016 | Bailey   | Entered a bailey
  5176 | Bailey   | Noticed an orc knight
  5177 | Bailey   | Noticed an orc knight
  5194 | Bailey   | Killed an orc knight
  5300 | Bailey   | Reached *** piety under the Shining One
  5300 | Bailey   | Noticed an orc knight
  5309 | Bailey   | Killed an orc knight
  5316 | Bailey   | Noticed an orc knight
  5318 | Bailey   | Killed an orc knight
  5387 | Bailey   | Reached skill level 10 in Unarmed Combat
  5390 | Bailey   | Killed an orc knight
  6314 | D:8      | Found a staircase to the Lair.
  6324 | D:8      | Found an ornate altar of the Wu Jian Council.
  6328 | D:8      | Found a hide-covered altar of Uskayaw.
  6337 | D:8      | Found a radiant altar of Vehumet.
  6340 | D:8      | Found a burning altar of Makhleb.
  6359 | D:8      | Found a hazy altar of Hepliaklqana.
  6677 | D:8      | Reached XP level 11. HP: 110/113 MP: 10/10
  6960 | Lair:1   | Entered Level 1 of the Lair of Beasts
  7138 | Lair:1   | Noticed Nergalle
  7152 | Lair:1   | Reached skill level 1 in Invocations
  7167 | Lair:1   | Killed Nergalle
  7879 | Lair:2   | Reached skill level 11 in Unarmed Combat
  7888 | Lair:2   | HP: 2/115 [cane toad (17)]
  7889 | Lair:2   | Slain by a cane toad

Illustrated notes

Levels and vault maps discovered:
D:1:      mrwooster_arrival_statue, layout_loops_corners,
          shapermc_ecumenical_altar_totnotflames, serial_shops, shop
D:2:      layout_basic, serial_shops, nicolae_shop_bloodbath_and_beyond,
          basic_altar, chequers_serial_rivers_marsh, kennysheep_small_spiral
D:3:      layout_basic, chequers_temple_overflow_minitemple,
          uniq_crazy_yiuf_cottage, uniq_pargi
D:4:      layout_basic, uniq_menkaure
D:5:      due_chaos_kobolds, layout_basic, kennysheep_slug_shrine,
          minmay_temple_entry_slanted
D:6:      layout_rooms, mainiacjoe_overflow_six_doors_small,
          hangedman_feature_mirror
D:7:      layout_loops_corners, enter_bailey_6
D:8:      layout_gridville, minmay_overflow_temple_star_hex, lair_entry_dummy,
          minmay_unpleasant_kobolds
Temple:   hc_temple_tempest_star
Lair:1:   layout_regular_city, columned_hall_lemuel,
          eino_small_chamber_without_monster, minivault_11, uniq_nergalle
Lair:2:   layout_big_grid, elwin_shoals_entry_rooms,
          portal_ice_cave_entry_pillars_1, gammafunk_ghost_hydra_chop

Skill      XL: |  1  2  3  4  5  6  7  8  9 10 11 |
---------------+----------------------------------+-----
Throwing       | 2 |  2.0
Fighting       | 2 3 4 5 7 8 9 |  9.0
Dodging        | 3 4 5 6 7 8 9 |  9.3
Unarmed Combat | 4 5 6 7 9 10 11 | 11.0
Invocations    | 2 |  2.7

Action                     |  1- 3 |  4- 6 |  7- 9 | 10-12 || total
---------------------------+-------+-------+-------+-------++-------
  Melee: Unarmed           |   112 |    70 |   192 |   237 ||   611
         Punch             |     3 |     1 |    15 |     1 ||    20
  Throw: Throwing net      |       |     2 |     4 |     2 ||     8
         Dart              |       |       |       |     8 ||     8
         Large rock        |       |       |       |     1 ||     1
 Invoke: Divine Shield     |       |       |       |     1 ||     1
  Evoke: Wand              |       |       |     1 |    29 ||    30
    Use: Scroll            |     3 |     4 |    10 |    14 ||    31
         Potion            |       |       |       |     4 ||     4
   Stab: Sleeping          |     1 |       |       |       ||     1
 Armour: Robe              |    33 |    23 |    51 |    50 ||   157
  Dodge: Dodged            |    33 |    39 |    70 |   112 ||   254
  Block: Orb               |       |       |       |     1 ||     1
